 Dungeon Sprint DCSS version 0.28.0-43-g3370ac3207 (webtiles) character file.

Game seed: 10000477540373862192

39202 boopmooplesden the Axe Maniac (level 13, -6/155 HPs)
             Began as a Minotaur Berserker on Mar 10, 2022.
             Was the Champion of Trog.
             Mangled by a bone dragon (15 damage)
             ... in the Dungeon (Sprint II: "The Violet Keep of Menkaure").
             The game lasted 00:15:14 (3482 turns).

boopmooplesden the Axe Maniac (Minotaur Berserker)  Turns: 3482, Time: 00:15:14

Health: -6/155     AC: 16    Str: 29    XL:     13   Next: 67%
Magic:  0/5        EV: 18    Int:  6    God:    Trog [******]
Gold:   3384       SH:  0    Dex: 11    Spells: 12/12 levels left

rFire   + . .      SeeInvis +   m - +4 executioner's axe (antimagic)
rCold   + . .      Faith    .   (shield currently unavailable)
rNeg    + + .      Spirit   +   n - +4 moon troll leather armour {Spirit, Regen++ MP+5}
rPois   +          Reflect  .   A - -2 hat of the Alchemist {rElec rPois rF+ rC+ rN+ Will+ rMut rCorr}
rElec   +          Harm     .   j - +2 cloak
rCorr   +          Rampage  .   y - +1 pair of gloves {Str+3}
rMut    +          NoTele   +   L - +1 pair of boots {Fly}
Will    +....                   (no amulet)
Stlth   +++++.....              l - ring of Free Expression {rN+ rCorr Int+2 SInv Stlth+}
HPRegen 1.95/turn               (no ring)
MPRegen 0.09/turn

@: on berserk cooldown, flying, hasted and slowed, studying 2 skills
A: horns 2, retaliatory headbutt
a: Renounce Religion, Berserk, Trog's Hand, Brothers in Arms


You were in the Dungeon.
You worshipped Trog.
Trog was exalted by your worship.
You visited 1 branch You collected 4435 gold pieces.
You spent 1051 gold pieces at shops.

Inventory:

Hand Weapons
 a - a +0 hand axe
 m - a +4 antimagic executioner's axe (weapon)
 q - a +2 battleaxe of flaming
 I - the +8 battleaxe of Xics {vorpal, Drain rF++ rCorr Stlth+}
   (Trog gifted it to you in the Dungeon)

   It inflicts extra damage upon your enemies.
   rF:        It greatly protects you from fire.
   rCorr:     It protects you from acid and corrosion.
   Drain:     It drains your maximum health when unequipped.
   Stlth:     It makes you more stealthy.
Armour
 b - a +0 animal skin
 i - the +0 ring mail of Awe {rC++}
   (You bought it in a shop in the Dungeon)

   rC:        It greatly protects you from cold.
 j - a +2 cloak (worn)
 k - a +0 pair of gloves
 n - the +4 moon troll leather armour (worn) {Spirit, Regen++ MP+5}
   (You found it in the Dungeon)

   MP:        It affects your magic capacity (+5).
   Regen:     It increases your rate of health regeneration.
 y - a +1 pair of gloves of strength (worn)
 A - the -2 hat of the Alchemist (worn) {rElec rPois rF+ rC+ rN+ Will+ rMut rCorr}
   (You acquired it in the Dungeon)

   rF:        It protects you from fire.
   rC:        It protects you from cold.
   rElec:     It insulates you from electricity.
   rPois:     It protects you from poison.
   rN:        It protects you from negative energy.
   rCorr:     It protects you from acid and corrosion.
   rMut:      It protects you from mutation.
   Will:      It increases your willpower.
 L - a +1 pair of boots of flying (worn)
Jewellery
 l - the ring of Free Expression (left hand) {rN+ rCorr Int+2 SInv Stlth+}
   (You bought it in a shop in the Dungeon)

   [ring of see invisible]

   Int:       It affects your intelligence (+2).
   rN:        It protects you from negative energy.
   SInv:      It lets you see invisible.
   rCorr:     It protects you from acid and corrosion.
   Stlth:     It makes you more stealthy.
 p - an amulet of the acrobat
 v - a ring of resist corrosion
 B - the ring of Tys Ylokiwu {rF+ SInv}
   (You acquired it in the Dungeon)

   [ring of see invisible]

   rF:        It protects you from fire.
   SInv:      It lets you see invisible.
 C - an amulet of guardian spirit
 D - a ring of positive energy
 E - a ring of poison resistance
 G - the ring "Acraro Kaja" {rPois rF+ Will+}
   (You found it in the Dungeon)

   [ring of protection from fire]

   rF:        It protects you from fire.
   rPois:     It protects you from poison.
   Will:      It increases your willpower.
 K - a ring of magical power
Scrolls
 h - a scroll of blinking
 r - a scroll of vulnerability
 t - a scroll of summoning
 w - a scroll of fear
 H - 2 scrolls of identify
 J - a scroll of immolation {unknown}
Potions
 c - 4 potions of curing
 d - 2 potions of heal wounds
 e - 3 potions of haste
 f - 23 potions of magic
 g - a potion of berserk rage
 o - 2 potions of attraction {unknown}
 s - 2 potions of resistance
 u - 9 potions of flight
 x - 4 potions of mutation
 z - a potion of might {unknown}
 F - a potion of experience {unknown}
Miscellaneous
 M - a lightning rod (4/4)


   Skills:
 + Level 25.7 Fighting
 O Level 27 Axes
 + Level 11.2 Armour
 + Level 16.5 Dodging
 + Level 10.6 Stealth


You had 12 spell levels left.
You didn't know any spells.
Your spell library was empty.

Dungeon Overview and Level Annotations

Branches:
Dungeon (1/1)

Altars:
Cheibriados
Dithmenos
Elyvilon
Fedhas
Gozag
Hepliaklqana
Kikubaaqudgha
Makhleb
Nemelex Xobeh
Okawaru
Qazlal
Ru
Sif Muna
Trog
Uskayaw
Vehumet
Wu Jian
Xom
Yredelemnul
Zin
The Shining One
Beogh
Jiyva
Lugonu

Shops:
D (![:[!(*:*[=!?!(!??[*[=:(![([:[**

Annotations:
D exclusions: obsidian statue and oklob plant


Innate Abilities, Weirdness & Mutations

You have a pair of horns on your head.
You reflexively headbutt those who attack you in melee.


Message History

You slash the bone dragon!
The bone dragon is heavily damaged.
You hit the bone dragon.
The bone dragon is heavily damaged.
The bone dragon bites you!
* * * LOW HITPOINT WARNING * * *
The bone dragon barely misses you.
The bone dragon tramples you but does no damage.
You slice the bone dragon!!
The bone dragon is severely damaged.
The bone dragon bites you!!
* * * LOW HITPOINT WARNING * * *
The bone dragon barely misses you. The bone dragon tramples you!
* * * LOW HITPOINT WARNING * * *
You hold your ground!
You feel much better. The bone dragon closely misses you.
You furiously retaliate!
You headbutt the bone dragon, but do no damage.
The bone dragon barely misses you. The bone dragon tramples you.
* * * LOW HITPOINT WARNING * * *
You hold your ground!
You hit the bone dragon. You headbutt the bone dragon.
The bone dragon is severely damaged.
The bone dragon closely misses you. The bone dragon claws you!
* * * LOW HITPOINT WARNING * * *
The bone dragon tramples you but does no damage.
You slash the bone dragon! You headbutt the bone dragon.
The bone dragon is severely damaged.
You slice the bone dragon!!
You headbutt the bone dragon, but do no damage.
The bone dragon is almost destroyed.
The bone dragon bites you!
* * * LOW HITPOINT WARNING * * *
The bone dragon claws you!
* * * LOW HITPOINT WARNING * * *
The bone dragon misses you.
You hit the bone dragon but do no damage.
The bone dragon is almost destroyed.
The bone dragon bites you!
You die...

######################
#......D).#.∩∩∩∩'.'..##
#.....@#[.#######.####.
#'######)##..####'####.
#∩∩∩∩∩∩#..'.##§§.≈≈§.##
#∩∩∩∩∩∩#..###.§§§≈≈§≈.#
#########D.+.§≈§§:≈§≈≈.
eD##...####≈§§§§≈§≈.#
CD2D......≈##.≈§≈≈≈.##
############≈≈#§§§#'''##
###########≈≈≈§≈≈§≈.≈§§#


You could see a bone dragon.

Vanquished Creatures
  2 golden dragons (D)
  A hellephant (D)
  A deep elf blademaster (D)
  A kraken (D)
  A deep elf master archer (D)
  Kirke (D)
  2 sphinxes (D)
  Gastronok (D)
  2 storm dragons (D)
  Roxanne (D)
  A cacodemon (D)
  A draconian shifter (D)
  A dire elephant (D)
  A crystal guardian (D)
  A fire dragon (D)
  A great orb of eyes (D)
  A yaktaur captain (D)
  An iron elemental (D)
  A centaur warrior (D)
  A death yak (D)
  Sonja (D)
  A skeletal warrior (D)
  3 sixfirhies (D)
  A glowing orange brain (D)
  2 death drakes (D)
  2 deep trolls (D)
  A harpy (D)
  3 orc sorcerers (D)
  3 manticores (D)
  A merfolk siren (D)
  2 cane toads (D)
  An elephant (D)
  An ice statue (D)
  2 unseen horrors (D)
  A kobold demonologist (D)
  A yaktaur (D)
  3 polar bears (D)
  A hornet (D)
  A blink frog (D)
  2 slime creatures (D)
  6 flying skulls (D)
  3 yaks (D)
  5 wyverns (D)
  2 redbacks (D)
  4 neqoxecs (D)
  Menkaure (D)
  6 water moccasins (D)
  2 swamp drakes (D)
  3 black bears (D)
  5 necrophages (D)
  4 scorpions (D)
  9 electric eels (D)
  A jelly (D)
  An iron imp (D)
  4 tentacles (D)
112 creatures vanquished.

Vanquished Creatures (others)
  A water moccasin (D)
  16 tentacles (D)
17 creatures vanquished.

Grand Total: 129 creatures vanquished

Notes
Turn   | Place    | Note
-------+----------+-------------------------------------------
     0 | D        | boopmooplesden the Minotaur Berserker began the quest for
                  | the Orb.
     0 | D        | Reached XP level 1. HP: 19/19 MP: 0/0
     1 | D        | Noticed a necrophage
     1 | D        | Noticed a necrophage
     1 | D        | Noticed a necrophage
     1 | D        | Noticed a necrophage
     5 | D        | Killed a necrophage
     6 | D        | Reached skill level 7 in Axes
     6 | D        | Reached XP level 2. HP: 34/34 MP: 1/1
     6 | D        | Reached XP level 3. HP: 39/39 MP: 2/2
     6 | D        | Reached XP level 4. HP: 47/47 MP: 3/3
     8 | D        | Killed a necrophage
     9 | D        | Reached skill level 9 in Axes
     9 | D        | Reached XP level 5. HP: 56/56 MP: 4/4
    14 | D        | Killed a necrophage
    14 | D        | Reached ** piety under Trog
    15 | D        | Reached skill level 10 in Axes
    15 | D        | Reached skill level 5 in Armour
    17 | D        | Killed a necrophage
    18 | D        | Reached skill level 10 in Fighting
    18 | D        | Reached skill level 11 in Axes
    18 | D        | Reached skill level 5 in Dodging
    18 | D        | Reached XP level 6. HP: 41/67 MP: 5/5
    96 | D        | Killed a water moccasin
   124 | D        | Noticed a neqoxec
   129 | D        | Killed a neqoxec
   131 | D        | Noticed a neqoxec
   131 | D        | Noticed a neqoxec
   131 | D        | Noticed a neqoxec
   136 | D        | Killed a neqoxec
   137 | D        | Reached skill level 12 in Axes
   137 | D        | Reached XP level 7. HP: 75/75 MP: 6/6
   142 | D        | Killed a neqoxec
   142 | D        | Reached *** piety under Trog
   143 | D        | Reached skill level 13 in Axes
   150 | D        | Killed a neqoxec
   302 | D        | Reached **** piety under Trog
   303 | D        | Reached skill level 14 in Axes
   303 | D        | Reached XP level 8. HP: 65/86 MP: 7/7
   528 | D        | Noticed a merfolk siren
   542 | D        | Killed a merfolk siren
   641 | D        | Found Goazetusm's Antique Weapon Shop.
   641 | D        | Found Muerphes's Magic Scroll Boutique.
   641 | D        | Found Ziwesk's Armour Shop.
   641 | D        | Found Quzota Onub's Antique Armour Boutique.
   641 | D        | Found Qareg's Book Boutique.
   641 | D        | Found Xufav's Distillery.
   642 | D        | Found Todoapp's Jewellery Shop.
   642 | D        | Found Leinkir's Antique Weapon Boutique.
   642 | D        | Found Yracuas's Distillery.
   643 | D        | Found Ettym's Jewellery Shop.
   643 | D        | Found Layteafu's Armour Boutique.
   643 | D        | Noticed Menkaure
   661 | D        | Killed Menkaure
   661 | D        | Reached ***** piety under Trog
   662 | D        | Reached skill level 15 in Axes
   664 | D        | Found Duaniess's Assorted Antiques.
   664 | D        | Found Kustriett's Antique Weapon Shop.
   664 | D        | Noticed an oklob plant
   846 | D        | Noticed a blink frog
   855 | D        | Found Kegutaos's Antique Armour Shop.
   855 | D        | Found Qoarhuu's Book Shoppe.
   856 | D        | Noticed a shining eye
   857 | D        | Noticed a shining eye
   857 | D        | Noticed a shining eye
   859 | D        | Noticed a hell hog
   860 | D        | Noticed a flying skull
   860 | D        | Noticed a hell hog
   876 | D        | Noticed a flying skull
   881 | D        | Killed a blink frog
  1049 | D        | Bought an ancient ring mail for 162 gold pieces
  1049 | D        | Identified the +0 ring mail of Awe {rC++} (You bought it in
                  | a shop in the Dungeon)
  1063 | D        | Bought a +2 cloak for 165 gold pieces
  1063 | D        | Bought a +0 pair of gloves for 45 gold pieces
  1075 | D        | Bought the ring of Free Expression {rN+ rCorr Int+2 SInv
                  | Stlth+} for 465 gold pieces
  1100 | D        | Found a snail-covered altar of Cheibriados.
  1101 | D        | Found a shadowy altar of Dithmenos.
  1102 | D        | Found a white marble altar of Elyvilon.
  1102 | D        | Found an ancient bone altar of Kikubaaqudgha.
  1102 | D        | Found a viscous altar of Jiyva.
  1103 | D        | Found a blossoming altar of Fedhas.
  1103 | D        | Found a corrupted altar of Lugonu.
  1103 | D        | Found a shimmering blue altar of Sif Muna.
  1104 | D        | Found an opulent altar of Gozag.
  1104 | D        | Found a burning altar of Makhleb.
  1104 | D        | Found a bloodstained altar of Trog.
  1105 | D        | Found a sparkling altar of Nemelex Xobeh.
  1105 | D        | Found a hide-covered altar of Uskayaw.
  1106 | D        | Found an iron altar of Okawaru.
  1106 | D        | Found a radiant altar of Vehumet.
  1106 | D        | Found a glowing silver altar of Zin.
  1107 | D        | Noticed a yaktaur
  1107 | D        | Noticed a hornet
  1107 | D        | Noticed a polar bear
  1107 | D        | Noticed a polar bear
  1107 | D        | Noticed a polar bear
  1117 | D        | Killed a polar bear
  1118 | D        | Reached skill level 15 in Fighting
  1118 | D        | Reached XP level 9. HP: 97/97 MP: 8/8
  1120 | D        | Received a gift from Trog
  1124 | D        | Killed a yaktaur
  1125 | D        | Reached skill level 16 in Axes
  1128 | D        | Killed a polar bear
  1133 | D        | Killed a polar bear
  1290 | D        | Found a basalt altar of Yredelemnul.
  1296 | D        | Noticed a kraken
  1317 | D        | Reached skill level 1 in Stealth
  1566 | D        | Found a shimmering altar of Xom.
  1566 | D        | Found a sacrificial altar of Ru.
  1567 | D        | Found a glowing golden altar of the Shining One.
  1567 | D        | Found an ornate altar of the Wu Jian Council.
  1567 | D        | Found a stormy altar of Qazlal.
  1585 | D        | Found a hazy altar of Hepliaklqana.
  1897 | D        | Found the +4 moon troll leather armour {Spirit, Regen++
                  | MP+5}
  2060 | D        | Noticed Roxanne
  2063 | D        | Noticed Kirke
  2063 | D        | Noticed a skeletal warrior
  2063 | D        | Noticed a yaktaur captain
  2100 | D        | Noticed an elephant
  2109 | D        | Killed an elephant
  2110 | D        | Reached skill level 10 in Dodging
  2111 | D        | Noticed a cane toad
  2114 | D        | Noticed a centaur warrior
  2121 | D        | Killed a yaktaur captain
  2122 | D        | Reached skill level 17 in Axes
  2122 | D        | Reached XP level 10. HP: 110/110 MP: 3/9
  2123 | D        | Killed a cane toad
  2126 | D        | Killed a skeletal warrior
  2127 | D        | Noticed a sphinx
  2129 | D        | Killed a centaur warrior
  2129 | D        | Reached ****** piety under Trog
  2130 | D        | Reached skill level 18 in Axes
  2130 | D        | Reached skill level 10 in Armour
  2137 | D        | Killed Kirke
  2137 | D        | Received a gift from Trog
  2176 | D        | Noticed a cane toad
  2182 | D        | Reached skill level 19 in Axes
  2187 | D        | Killed a cane toad
  2247 | D        | Received a gift from Trog
  2259 | D        | Noticed a manticore
  2259 | D        | Noticed a manticore
  2259 | D        | Noticed a manticore
  2262 | D        | Killed a manticore
  2263 | D        | Reached XP level 11. HP: 121/121 MP: 3/10
  2266 | D        | Reached skill level 20 in Axes
  2268 | D        | Received a gift from Trog
  2291 | D        | Found Uthedgh's Antique Weapon Emporium.
  2291 | D        | Found Faza's Distillery.
  2292 | D        | Found Ogewuforr's Armour Shop.
  2292 | D        | Found Qekkeno's Book Shoppe.
  2292 | D        | Found Ufojeh's Distillery.
  2292 | D        | Found Gaweoloa's Distillery.
  2292 | D        | Found Koogom's Armour Shop.
  2292 | D        | Found Amyluuq's Distillery.
  2292 | D        | Found Pexov's General Store.
  2292 | D        | Found Nemakhedd's Magic Scroll Emporium.
  2292 | D        | Found Juphegg's Magic Scroll Shop.
  2292 | D        | Found Muaptacy's General Store.
  2295 | D        | Bought a +1 pair of gloves of strength for 214 gold pieces
  2373 | D        | Killed Roxanne
  2374 | D        | Reached skill level 21 in Axes
  2395 | D        | Found Vuexus's Assorted Antiques.
  2395 | D        | Found Juiphiusar's General Store.
  2395 | D        | Found Japhac's Antique Armour Shop.
  2395 | D        | Found Gaegieh's Antique Armour Emporium.
  2395 | D        | Noticed a storm dragon
  2397 | D        | Noticed a golden dragon
  2407 | D        | Killed a golden dragon
  2408 | D        | Reached skill level 22 in Axes
  2429 | D        | Identified 3 scrolls of acquirement
  2429 | D        | Acquired the ring of Tys Ylokiwu {rF+ SInv}
  2433 | D        | Acquired a manual of Armour
  2437 | D        | Acquired the -2 hat of the Alchemist {rElec rPois rF+ rC+
                  | rN+ Will+ rMut rCorr}
  2437 | D        | Found the -2 hat of the Alchemist {rElec rPois rF+ rC+ rN+
                  | Will+ rMut rCorr}
  2504 | D        | Killed a storm dragon
  2505 | D        | Reached skill level 5 in Stealth
  2542 | D        | Noticed an obsidian statue
  2583 | D        | Killed a kraken
  2584 | D        | Reached skill level 23 in Axes
  2621 | D        | Noticed a deep troll
  2622 | D        | Noticed a deep troll
  2624 | D        | Killed a deep troll
  2627 | D        | Killed a deep troll
  2627 | D        | Received a gift from Trog
  2628 | D        | Reached XP level 12. HP: 123/134 MP: 5/11
  2646 | D        | Noticed a sphinx
  2647 | D        | Noticed a sphinx
  2651 | D        | Killed a sphinx
  2652 | D        | Reached skill level 24 in Axes
  2654 | D        | Killed a sphinx
  2706 | D        | Received a gift from Trog
  2739 | D        | Found Moizonem's Book Shoppe.
  2740 | D        | Found Nocefir's Weapon Boutique.
  2763 | D        | Noticed Gastronok
  2771 | D        | Killed Gastronok
  2773 | D        | Noticed a dire elephant
  2780 | D        | Killed a dire elephant
  2780 | D        | Received a gift from Trog
  2781 | D        | Reached skill level 25 in Axes
  2833 | D        | Identified the +2 arbalest "Spiderslayer" {freeze, Will-
                  | rCorr Int+4 SInv}
  2840 | D        | Identified the +5 morningstar "Beastslayer" {vorpal, Contam
                  | rF++ rC+}
  2850 | D        | Identified the +8 hunting sling of Day {vorpal, Str+3}
  2856 | D        | Identified the ring "Acraro Kaja" {rPois rF+ Will+}
  2914 | D        | Noticed a deep elf blademaster
  2925 | D        | Killed a deep elf blademaster
  2936 | D        | Received a gift from Trog
  3029 | D        | Noticed a purple draconian shifter
  3029 | D        | Noticed Sonja
  3029 | D        | Noticed a hellephant
  3034 | D        | Reached skill level 15 in Dodging
  3034 | D        | Killed Sonja
  3035 | D        | Killed a purple draconian shifter
  3036 | D        | Reached skill level 26 in Axes
  3036 | D        | Reached XP level 13. HP: 146/146 MP: 4/12
  3044 | D        | Killed a hellephant
  3044 | D        | Received a gift from Trog
  3094 | D        | Noticed a crystal guardian
  3096 | D        | Killed a crystal guardian
  3130 | D        | Received a gift from Trog
  3150 | D        | Noticed a deep elf master archer
  3168 | D        | Killed a deep elf master archer
  3172 | D        | Noticed a fire dragon
  3184 | D        | Received a gift from Trog
  3200 | D        | Identified the +8 battleaxe of Xics {vorpal, Drain rF++
                  | rCorr Stlth+} (Trog gifted it to you in the Dungeon)
  3200 | D        | Received a gift from Trog
  3208 | D        | Reached skill level 27 in Axes
  3216 | D        | Killed a fire dragon
  3323 | D        | Noticed a golden dragon
  3426 | D        | Noticed a bone dragon
  3426 | D        | Noticed a cacodemon
  3427 | D        | Noticed a storm dragon
  3428 | D        | Noticed a frost giant
  3452 | D        | Killed a cacodemon
  3458 | D        | Killed a golden dragon
  3459 | D        | Reached skill level 10 in Stealth
  3462 | D        | Killed a storm dragon
  3462 | D        | Received a gift from Trog
  3481 | D        | HP: 7/155 [bone dragon (11)]
  3482 | D        | Mangled by a bone dragon

Illustrated notes

Levels and vault maps discovered:
D:        the_violet_keep_of_menkaure [sprint2_stairs_cluster_1,
          sprint2_shoproom, sprint2_temple, sprint2_basic_supplies,
          sprint2_obstacle_3, sprint2_obstacle_7, sprint2_obstacle_6,
          sprint2_obstacle_1, sprint2_obstacle_2, sprint2_timed_cluster_1,
          sprint2_smallroom_cluster_1, sprint2_smallroom_final_cluster_1,
          sprint2_transparent_cluster_1, sprint2_second_timed_cluster_1,
          sprint2_sniper_area_1, sprint2_heavy_combat_area_1,
          sprint2_mutation_trap_area_1, sprint2_forest_area_1,
          sprint2_light_combat_area_1, sprint2_behind_water_1,
          sprint2_near_end_vault_1]

Skill      XL: |  1  2  3  4  5  6  7  8  9 10 11 12 13 |
---------------+----------------------------------------+-----
Fighting       | 7 8 10 11 13 15 16 18 20 22 25 | 25.7
Axes           | 7 9 11 12 14 15 17 19 23 26 27 | 27.0
Armour         | 4 5 6 7 9 10 11 | 11.2
Dodging        | 3 4 5 6 8 10 12 15 16 | 16.5
Stealth        | 1 3 5 7 10 | 10.6

Action                   |  1- 3 |  4- 6 |  7- 9 | 10-12 | 13-15 || total
-------------------------+-------+-------+-------+-------+-------++-------
Melee: Hand axe          |     2 |    18 |    87 |       |       ||   107
       Punch             |     1 |       |     1 |       |       ||     2
       Headbutt          |       |     3 |    16 |    44 |    23 ||    86
       Executioner's axe |       |       |    28 |   198 |    70 ||   296
Invok: Berserk           |     1 |     1 |     2 |     8 |     3 ||    15
  Use: Scroll            |       |       |     8 |     3 |       ||    11
       Potion            |       |       |     1 |     3 |     5 ||     9
 Stab: Sleeping          |       |       |       |     7 |     7 ||    14
       Distracted        |       |       |       |       |     1 ||     1
Armor: Animal skin       |       |       |     3 |       |       ||     3
       Ring mail         |       |       |    29 |       |       ||    29
       Troll leather arm |       |       |     5 |    54 |    14 ||    73
Dodge: Dodged            |     4 |     7 |    66 |   100 |    48 ||   225
